 Dungeon Crawl Stone Soup version 0.16.1-25-gbcee3f8 (webtiles) character file.

651 linquant the Shield-Bearer (level 7, 0/44 HPs)
             Began as a Gargoyle Fighter on May 21, 2015.
             Slain by an ogre
             ... wielding a +0 giant spiked club
              (14 damage)
             ... on level 4 of the Dungeon.
             The game lasted 00:42:38 (2940 turns).

linquant the Shield-Bearer (Gargoyle Fighter)       Turns: 2940, Time: 00:42:39

Health: 0/44       AC: 13    Str: 21    XL:     7   Next: 53%
Magic:  7/7        EV:  9    Int:  8    God:
Gold:   130        SH: 10    Dex: 10    Spells: 0 memorised, 6 levels left

rFire  . . .     SeeInvis .     a - +0 flail
rCold  . . .     Clarity  .     b - +0 scale mail
rNeg   + . .     SustAb   .     c - +0 shield
rPois  ∞         Gourm    .     l - +0 helmet
rElec  +         Spirit   .     (no cloak)
rCorr  .         Warding  .     (no gloves)
rMut   .         Stasis   .     (no boots)
MR     .....                    (no amulet)
Stlth  ..........               (no ring)
                                f - ring of poison resistance

@: not resistant to hostile enchantments, extremely unstealthy
A: negative energy resistance 1, electricity resistance, unbreathing,
petrification resistance, rot immunity, AC +4
a: no special abilities


You were on level 4 of the Dungeon.
You were hungry.

You visited 1 branch of the dungeon, and saw 4 of its levels.

You collected 130 gold pieces.

Inventory:

Hand weapons
 a - a +0 flail (weapon)
 g - a +0 whip of venom
Missiles
 k - 35 stones (quivered)
Armour
 b - a +0 scale mail (worn)
 c - a +0 shield (worn)
 l - a +0 helmet (worn)
 o - a +0 scale mail
Jewellery
 f - a ring of poison resistance (left hand)
Scrolls
 j - a scroll of recharging
 p - 5 scrolls of remove curse
 q - 2 scrolls of magic mapping {unknown}
Potions
 e - a potion of restore abilities {unknown}
 h - 2 potions of curing {unknown}
 m - a potion of poison {unknown}
 n - a potion of magic {unknown}
Comestibles
 d - 2 bread rations
 i - 3 meat rations


   Skills:
 + Level 4.5 Fighting
 + Level 3.7 Maces & Flails
 + Level 4.2 Armour
 + Level 3.7 Dodging
 + Level 5.2 Shields


You had 6 spell levels left.
You didn't know any spells.

Dungeon Overview and Level Annotations

Branches:
Dungeon (4/15)
 Temple: D:4-7

Altars:

Portals:
Ossuary: D:4


Innate Abilities, Weirdness & Mutations

You are resistant to torment.
You are immune to poison.
Your stone body is very resilient (AC +4).
You resist negative energy.
You are resistant to electric shocks.
You can survive without breathing.
You are immune to petrification.
You are immune to rotting.


Message History

Press: ? - help, Shift-Dir - straight line, f - ogre
Aim: an ogre, wielding a giant spiked club You throw a stone.
The gnoll shouts!
The stone hits the ogre but does no damage.
An adder comes into view.
The ogre hits you but does no damage.
A gnoll comes into view. It is wielding a club.
The gnoll hits you but does no damage. You block the ogre's attack.
You barely miss the ogre.
The gnoll hits you from afar with a halberd.
You hit the ogre.
The ogre is lightly wounded.
The ogre hits you with a giant spiked club!
The gnoll hits you from afar with a halberd.
* * * LOW HITPOINT WARNING * * *
You hit the ogre.
The ogre is lightly wounded.
The ogre hits you with a giant spiked club!
You die...

##..............# #####..##
###...........###.###......#
#...........###
#..........##
....###.......#
#.#######..## ##...#..## .#
###...#.
##...###..###..####.......
###....###..................
#.).##.......###..#####...##
#....####.....@.# # #.....
#..## #.####O## ##.... #.
#..# #gg$...(.. #..... .
#.## ##....... ...... ..
...#g.. ..##(. /.# .### g∩
##. .. .# #. .. #. .. ..


You could see an ogre and 2 gnolls.

Vanquished Creatures
  The ghost of hemol the Cudgeler, an average MiFi of Elyvilon (D:3)
  A gnoll sergeant (D:4)
  A centaur skeleton (D:4)
  An orc priest (D:3)
  2 orc wizards
  Ijyb (D:2)
  6 gnolls (D:4)
  8 adders
  A giant mite (D:1)
  2 worms
  An adder zombie (D:3)
  An adder skeleton (D:3)
  3 giant geckos
  An ooze (D:3)
  8 orcs
  4 giant cockroaches
  7 hobgoblins
  10 jackals
  8 kobolds
  A quokka (D:3)
  4 ball pythons
  14 bats
  6 giant newts
  13 goblins
  13 rats
118 creatures vanquished.

Notes
Turn   | Place    | Note
--------------------------------------------------------------
     0 | D:1      | linquant, the Gargoyle Fighter, began the quest for the Orb.
     0 | D:1      | Reached XP level 1. HP: 14/14 MP: 1/1
   421 | D:1      | Reached XP level 2. HP: 19/19 MP: 2/2
   490 | D:1      | Reached skill level 1 in Dodging
   491 | D:1      | Reached XP level 3. HP: 12/23 MP: 3/3
   922 | D:2      | Reached XP level 4. HP: 25/28 MP: 4/4
   973 | D:2      | Noticed Ijyb
   999 | D:2      | Killed Ijyb
   999 | D:2      | Reached skill level 4 in Shields
  1254 | D:2      | Reached XP level 5. HP: 25/33 MP: 5/5
  1555 | D:3      | Noticed hemol's ghost (average MiFi)
  1589 | D:3      | Killed hemol's ghost
  1589 | D:3      | Reached XP level 6. HP: 23/38 MP: 6/6
  1682 | D:3      | Reached skill level 5 in Shields
  1961 | D:3      | Reached XP level 7. HP: 43/43 MP: 7/7
  2929 | D:4      | Found a sand-covered staircase.
  2940 | D:4      | Slain by an ogre

Action                   |  1- 3 |  4- 6 |  7- 9 || total
-------------------------+-------+-------+-------++-------
Melee: Flail             |   170 |   209 |   135 ||   514
Throw: Stone             |       |       |     8 ||     8
  Use: Scroll            |       |     4 |       ||     4
       Potion            |       |     3 |       ||     3
  Eat: Chunk             |       |     2 |     1 ||     3
       Bread ration      |       |     1 |       ||     1
